 Dungeon Crawl Stone Soup version 0.22.0-36-g8e74550d25 (webtiles) character file.

18994 Morbidden the Cleaver (level 12, -8/93 HPs)
             Began as a Demonspawn Fighter on Aug 23, 2018.
             Was a High Priest of Wu Jian.
             Mangled by a nine-headed hydra (13 damage)
             ... on level 3 of the Lair of Beasts on Aug 24, 2018.
             The game lasted 00:54:17 (13612 turns).

Morbidden the Cleaver (Demonspawn Fighter)         Turns: 13612, Time: 00:54:18

Health: -8/93      AC: 15    Str: 20    XL:     12   Next: 32%
Magic:  12/12      EV: 14    Int: 10    God:    Wu Jian [*****.]
Gold:   876        SH: 16    Dex: 19    Spells: 11/11 levels left

rFire    . . .     SeeInvis .   j - +0 war axe (chop)
rCold    + + .     Gourm    .   H - +0 large shield (curse)
rNeg     . . .     Faith    .   b - +0 scale mail
rPois    .         Spirit   .   o - +2 helmet
rElec    .         Reflect  .   z - scarf {rC+ rF+}
rCorr    .         Harm     .   p - +0 pair of gloves
MR       +....                  (boots unavailable)
Stlth    +.........             i - amulet of the acrobat
HPRegen  0.25/turn              m - ring of protection from magic
MPRegen  0.13/turn              C - ring of ice

@: agile, slowed, very slow
A: hooves 3, molten scales 2, demonic guardian 1, spiny 1
a: Wall Jump, Serpent's Lash, Heavenly Storm, Renounce Religion


You were on level 3 of the Lair of Beasts.
You worshipped Wu Jian.
Wu Jian was extremely pleased with you.
You were not hungry.

You visited 3 branches of the dungeon, and saw 15 of its levels.

You collected 876 gold pieces.

Inventory:

Hand Weapons
 j - a +0 war axe of chopping (weapon)
Missiles
 J - 3 silver javelins (quivered)
Armour
 b - a +0 scale mail (worn)
 o - a +2 helmet (worn)
 p - a +0 pair of gloves (worn)
 z - a scarf of resistance (worn)
 H - a cursed +0 large shield (worn)
Jewellery
 i - an amulet of the acrobat (around neck)
 m - a ring of protection from magic (left hand)
 s - an uncursed ring of poison resistance
 w - a +1 ring of protection
 C - a ring of ice (right hand)
Wands
 E - a wand of random effects (27)
 G - a wand of flame (14)
 I - a wand of polymorph (7)
Scrolls
 h - 3 scrolls of blinking
 k - 3 scrolls of fog
 l - 7 scrolls of teleportation
 n - 6 scrolls of remove curse
 x - 3 scrolls of enchant armour
 y - 5 scrolls of identify
 A - 2 scrolls of fear
 D - 2 scrolls of amnesia
 F - a scroll of summoning {unknown}
Potions
 a - a potion of mutation {unknown}
 d - a potion of magic {unknown}
 e - 2 potions of agility
 g - a potion of ambrosia {unknown}
 q - 2 potions of degeneration {unknown}
 r - 2 potions of resistance {unknown}
 t - 4 potions of brilliance
 B - a potion of lignification {unknown}
Comestibles
 f - 22 rations


   Skills:
 + Level 8.2 Fighting
 + Level 13.5 Axes
 + Level 8.0 Armour
 + Level 4.2 Dodging
 * Level 7.1 Shields


You had 11 spell levels left.
You didn't know any spells.
Your spell library contained the following spells:

 Spells                   Type           Power        Failure   Level  Hunger
 Animate Skeleton         Necr           N/A          100%        1    ##.....
 Apportation              Tloc           #.....       100%        1    ##.....
 Beastly Appendage        Tmut           #.....       100%        1    ##.....
 Confusing Touch          Hex            #.....       100%        1    ##.....
 Flame Tongue             Conj/Fire      #....        100%        1    ##.....
 Magic Dart               Conj           #...         100%        1    ##.....
 Summon Small Mammal      Summ           #...         100%        1    ##.....
 Blink                    Tloc           N/A          100%        2    ###....
 Call Imp                 Summ           #.......     100%        2    ###....
 Slow                     Hex            #.......     100%        2    ###....
 Sticks to Snakes         Tmut           #.......     100%        2    ###....
 Throw Flame              Conj/Fire      #.....       100%        2    ###....
 Conjure Flame            Conj/Fire      #.......     100%        3    ####...
 Inner Flame              Hex/Fire       #.......     100%        3    ####...
 Mephitic Cloud           Conj/Pois/Air  #.......     100%        3    ####...
 Spider Form              Tmut/Pois      #.........   100%        3    ####...
 Ice Form                 Ice/Tmut       #.......     100%        4    #####..
 Sticky Flame             Conj/Fire      #.......     100%        4    #####..
 Blade Hands              Tmut           #.........   100%        5    ######.
 Fireball                 Conj/Fire      #.........   100%        5    ######.


Dungeon Overview and Level Annotations

Branches:
Dungeon (11/15)            Temple (1/1) D:4            Lair (3/6) D:9
  Snake (0/4) Lair:2          Orc (0/2) D:9
  Swamp: Lair:2-4    Shoals: Lair:2-4

Altars:
Ashenzari
Cheibriados
Elyvilon
Fedhas
Gozag
Kikubaaqudgha
Makhleb
Nemelex Xobeh
Okawaru
Qazlal
Ru
Sif Muna
Trog
Uskayaw
Vehumet
Wu Jian
Xom
Zin
The Shining One

Shops:
D:4 :

Portals:
Ice
Cave: Lair:3

Annotations:
Lair:3 Fannar


Innate Abilities, Weirdness & Mutations

You have hooves in place of feet.
You are mostly covered in molten scales. (AC +3)
A weak demonic guardian rushes to your aid.
You are partially covered in sharp spines.


Message History

The nine-headed hydra bites you.
* * * LOW HITPOINT WARNING * * *
The nine-headed hydra bites you but does no damage. x2
The nine-headed hydra bites you.
* * * LOW HITPOINT WARNING * * *
The nine-headed hydra bites you but does no damage.
You block the nine-headed hydra's attack. x2
The nine-headed hydra misses you.
Your quasit bites the nine-headed hydra.
Your quasit claws the nine-headed hydra. x2
A komodo dragon comes into view.
The nine-headed hydra misses your quasit.
The nine-headed hydra bites your quasit!
The nine-headed hydra barely misses your quasit.
The nine-headed hydra bites your quasit.
The nine-headed hydra bites your quasit!
Your quasit dies!
The nine-headed hydra barely misses you.
The nine-headed hydra bites you!
You die...

*#..,,,,,...,,,,,,,,,
*...**,,...,.****,,,,
*#.P***...*.#* *,,,,
##.#**#.#,..# **,,,
#§.###..#...# *,** ###
#P.##.#.../.#*****,,*
#.######...........,**,*,,,
##.Y.....§D§#[..≈≈≈≈≈,,,,,*
##.#..#..§@§...###**≈,,,,,*
##.D.###.P##§......∩*≈,,,,,*
#.<.......##..≈.....*≈,***,,
#...Y.........$#≈...*≈,***,,
##...####.#...w≈#≈..*,,**,,*
*....# #.#.....≈#..,,***,,*
#....# *#..#PP....≈e,,,,,,,*
#....#**.....P....l,,,,,,,*,
*#.>...**,,,,,,*,,,,,*,*,,***


You could see a nine-headed hydra, a torpor snail (fleeing), a komodo dragon
(wandering), a yak (fleeing) and an ice beast (fleeing).

Vanquished Creatures
  A two-headed ogre (D:8)
  An unseen horror (D:10)
  2 oklob plants (Lair:2)
  A cyclops (D:11)
  A black mamba (Lair:2)
  An elephant (D:9)
  4 spiny frogs
  A komodo dragon (Lair:2)
  2 rime drakes
  2 trolls
  4 blink frogs (Lair:1)
  3 hippogriffs
  15 yaks
  2 wyverns
  A vampire (D:11)
  A chaos spawn (D:9)
  A human (D:8)
  A hungry ghost (D:11)
  A basilisk (D:9)
  13 water moccasins
  A porcupine (Lair:2)
  A sky beast (D:9)
  2 ice beasts
  4 orc warriors
  A black bear (D:7)
  An eye of draining (D:10)
  4 wolves (Lair:3)
  6 ogres
  3 centaurs
  A phantom (D:10)
  4 crocodiles
  A big kobold (D:8)
  7 bullfrogs
  A wyvern skeleton (D:8)
  4 scorpions
  17 killer bees
  13 wights
  2 howler monkeys (D:7)
  4 crimson imps
  A bullfrog zombie (D:7)
  2 centaur zombies
  3 hounds
  4 jellies
  9 orc priests
  A quasit (D:11)
  3 bullfrog skeletons
  11 orc wizards
  Jessica (D:4)
  5 iguanas
  9 worker ants
  A killer bee zombie (D:5)
  2 hound skeletons
  A howler monkey zombie (D:11)
  A howler monkey skeleton (D:7)
  2 worker ant zombies (D:9)
  16 adders
  3 shadow imps
  2 adder skeletons
  An adder zombie (D:10)
  4 worms (D:2)
  2 dart slugs (D:1)
  3 leopard geckos
  35 orcs
  9 bats
  5 giant cockroaches
  8 goblins
  7 hobgoblins
  7 jackals
  8 kobolds
  A quokka (D:2)
  3 ball pythons
  13 frilled lizards
  A jackal zombie (D:7)
  A leopard gecko skeleton (D:6)
  4 rats
  A plant (Lair:2)
325 creatures vanquished.

Vanquished Creatures (collateral kills)
  An oklob plant (Lair:2)
  A rime drake (Lair:3)
  A komodo dragon (Lair:2)
  A troll (D:10)
  A blink frog (Lair:1)
  A hippogriff (Lair:3)
  A chaos spawn (D:9)
  4 yaks
  3 water moccasins
  An ice beast (D:5)
  A centaur (D:10)
  3 ogres
  3 killer bees
  A wight (D:6)
  An orc wizard (D:9)
  An orc priest (D:9)
  2 worker ants
  An adder (D:7)
  An adder zombie (D:9)
  An orc (D:9)
  A kobold (D:8)
  A plant (Lair:2)
32 creatures vanquished.

Vanquished Creatures (others)
  3 fungi (Lair:2)
  3 plants (Lair:2)
6 creatures vanquished.

Grand Total: 363 creatures vanquished

Notes
Turn   | Place    | Note
-------+----------+-------------------------------------------
     0 | D:1      | Morbidden the Demonspawn Fighter began the quest for the Orb.
     0 | D:1      | Reached XP level 1. HP: 18/18 MP: 1/1
    71 | D:1      | Reached skill level 2 in Axes
   135 | D:1      | Gained mutation: You have large cloven feet. [demonic ancestry]
   135 | D:1      | Reached XP level 2. HP: 15/24 MP: 2/2
   533 | D:1      | Reached skill level 3 in Axes
   751 | D:2      | Gained mutation: You are partially covered in molten scales. (AC +2) [demonic ancestry]
   751 | D:2      | Reached XP level 3. HP: 29/29 MP: 3/3
  1870 | D:3      | Found a glowing silver altar of Zin.
  1877 | D:3      | Reached XP level 4. HP: 35/35 MP: 4/4
  2091 | D:3      | Reached skill level 4 in Axes
  2802 | D:4      | Noticed an ogre
  3221 | D:4      | Found a staircase to the Ecumenical Temple.
  3258 | D:4      | Gained mutation: You are partially covered in sharp spines. [demonic ancestry]
  3258 | D:4      | Reached XP level 5. HP: 35/41 MP: 5/5
  3264 | Temple   | Entered the Ecumenical Temple
  3324 | Temple   | Became a worshipper of the Wu Jian Council
  3454 | D:4      | Reached skill level 5 in Axes
  3579 | D:4      | Gained mutation: A weak demonic guardian rushes to your aid. [demonic ancestry]
  3579 | D:4      | Reached XP level 6. HP: 17/47 MP: 6/6
  3787 | D:4      | Found Latuj's Book Shop.
  3944 | D:4      | Found a sparkling altar of Nemelex Xobeh.
  3944 | D:4      | Noticed Jessica
  3950 | D:4      | Killed Jessica
  4058 | D:5      | Entered Level 5 of the Dungeon
  4070 | D:5      | Noticed a water moccasin
  4075 | D:5      | Killed a water moccasin
  4075 | D:5      | Reached skill level 6 in Axes
  4222 | D:5      | Gained mutation: You have hoof-like feet. [demonic ancestry]
  4222 | D:5      | Reached XP level 7. HP: 52/52 MP: 7/7
  4351 | D:5      | You fall through a shaft!
  4357 | D:6      | Reached skill level 7 in Axes
  4518 | D:6      | Reached * piety under Wu Jian
  4519 | D:6      | Reached XP level 8. HP: 28/60 MP: 8/8
  4519 | D:6      | Reached skill level 8 in Axes
  4835 | D:6      | Found an iron altar of Okawaru.
  4912 | D:6      | Reached skill level 1 in Dodging
  5183 | D:7      | Reached skill level 9 in Axes
  5382 | D:7      | Reached XP level 9. HP: 43/66 MP: 9/9
  5405 | D:7      | Reached ** piety under Wu Jian
  6219 | D:8      | Reached skill level 10 in Axes
  6383 | D:8      | Reached skill level 5 in Fighting
  6946 | D:8      | Noticed a two-headed ogre
  7005 | D:8      | HP: 2/68 [orc wizard/magic dart (3)]
  7008 | D:8      | Killed a two-headed ogre
  7586 | D:9      | Reached *** piety under Wu Jian
  7600 | D:9      | Found the +7 mace of Variability {chain chaos}
  7601 | D:9      | Found a shimmering altar of Xom.
  7609 | D:9      | Reached skill level 11 in Axes
  7644 | D:9      | Reached XP level 10. HP: 27/74 MP: 10/10
  8308 | D:9      | Found a staircase to the Orcish Mines.
  8402 | D:9      | Reached skill level 5 in Armour
  8618 | D:9      | Reached **** piety under Wu Jian
  8995 | D:9      | Found a staircase to the Lair.
  8996 | D:9      | Noticed an elephant
  9005 | D:9      | Killed an elephant
  9722 | D:10     | Entered Level 10 of the Dungeon
 10028 | D:10     | Reached skill level 5 in Shields
 10112 | D:10     | Reached skill level 12 in Axes
 10139 | D:10     | Gained mutation: You are mostly covered in molten scales. (AC +3) [demonic ancestry]
 10139 | D:10     | Reached XP level 11. HP: 62/83 MP: 11/11
 10357 | D:10     | Reached ***** piety under Wu Jian
 10485 | D:10     | Killed an unseen horror
 10644 | D:11     | Found the +4 robe of Augmentation {Str+4 Int+4 Dex+4}
 11634 | Lair:1   | Entered Level 1 of the Lair of Beasts
 12170 | Lair:2   | Found a staircase to the Snake Pit.
 12180 | Lair:2   | Reached skill level 13 in Axes
 12197 | Lair:2   | Upgraded the game from 0.22.0-35-ge4bf2f5f59 to 0.22.0-36-g8e74550d25
 12286 | Lair:2   | Noticed an oklob plant
 12343 | Lair:2   | Gained mutation: You have hooves in place of feet. [demonic ancestry]
 12343 | Lair:2   | Reached XP level 12. HP: 75/92 MP: 12/12
 13586 | Lair:3   | Found a frozen archway.
 13593 | Lair:3   | Noticed Fannar
 13595 | Lair:3   | Noticed a six-headed hydra
 13612 | Lair:3   | Mangled by a nine-headed hydra

Skill      XL: |  1  2  3  4  5  6  7  8  9 10 11 12 |
---------------+-------------------------------------+-----
Axes           | 2 3 4 5 6 7 9 11 12 13 | 13.5
Armour         | 3 4 6 7 8 |  8.0
Shields        | 3 4 5 6 7 |  7.1
Fighting       | 4 5 6 7 8 |  8.2
Dodging        | 1 2 3 4 |  4.2

Action                   |  1- 3 |  4- 6 |  7- 9 | 10-12 || total
-------------------------+-------+-------+-------+-------++-------
Melee: War axe           |   126 |    89 |   255 |   543 ||  1013
       Kick              |    21 |    28 |    87 |   167 ||   303
Throw: Javelin           |       |       |     3 |     3 ||     6
Invok: Lunge             |       |     2 |    33 |    29 ||    64
       Whirlwind         |       |       |    59 |    98 ||   157
       Wall Jump         |       |       |     1 |    92 ||    93
 Abil: Wall Jump         |       |       |       |     4 ||     4
Evoke: Wand              |       |       |       |    25 ||    25
  Use: Scroll            |     1 |     7 |       |     8 ||    16
       Potion            |       |     2 |     6 |     5 ||    13
 Stab: Distracted        |       |       |     1 |     6 ||     7
       Invisible         |       |       |     4 |       ||     4
  Eat: Chunk             |     3 |     3 |     9 |    16 ||    31
       Ration            |       |     1 |     1 |     2 ||     4
Armor: Scale mail        |    60 |    37 |    86 |   203 ||   386
Dodge: Dodged            |    57 |    22 |    70 |   155 ||   304
Block: Shield            |    61 |    38 |    97 |   189 ||   385
       Large shield      |       |       |       |    49 ||    49
